 Dungeon Crawl Stone Soup version 0.24.0-37-gcf1ca852f1 (webtiles) character file.

Game seed: 949491730914300514, levelgen mode: deterministic

132 theswoord the Twirler (level 4, 0/33 HPs)
             Began as a Demonspawn Gladiator on Nov 23, 2019.
             Blown up by a great orb of eyes (11 damage)
             ... with a disintegration bolt
             ... on level 1 of the Abyss.
             The game lasted 00:03:00 (2187 turns).

theswoord the Twirler (Demonspawn Gladiator)        Turns: 2187, Time: 00:03:01

Health: 0/33       AC: 10    Str: 15    XL:     4   Next: 92%
Magic:  0/4        EV: 10    Int:  9    God:
Gold:   64         SH:  0    Dex: 15    Spells: 3/3 levels left

rFire    . . .     SeeInvis .   a - +0 quarterstaff
rCold    + . .     Gourm    .   (shield currently unavailable)
rNeg     . . .     Faith    .   o - +0 scale mail {rC+}
rPois    .         Spirit   .   c - +0 helmet
rElec    .         Reflect  .   (no cloak)
rCorr    .         Harm     .   j - +0 pair of gloves
MR       +....     Clarity  +   (no boots)
Stlth    ..........             (no amulet)
HPRegen  0.11/turn              q - ring of protection from magic
MPRegen  0.09/turn              (no ring)

@: drained
A: thin metallic scales 1, clarity, powered by pain 1, MP-powered wands
a: no special abilities


You were on level 1 of the Abyss.
You were not hungry.

You visited 1 branch of the dungeon, and saw 2 of its levels.
You visited the Abyss 1 time.

You collected 64 gold pieces.

Inventory:

Hand Weapons
 a - a +0 quarterstaff (weapon)
Missiles
 d - 3 throwing nets (quivered)
Armour
 b - a +0 leather armour
 c - a +0 helmet (worn)
 j - a +0 pair of gloves (worn)
 o - a +0 scale mail of cold resistance (worn)
Jewellery
 q - a ring of protection from magic (left hand)
Scrolls
 e - 2 scrolls of remove curse {unknown}
 h - a scroll of identify {unknown}
 k - a scroll of enchant armour {unknown}
 p - a scroll of enchant weapon {unknown}
Potions
 n - a potion of brilliance {unknown}
Comestibles
 f - 6 rations
 g - 2 chunks of flesh


   Skills:
 - Level 2.0(1.2) Fighting
 + Level 5.2(4.3) Staves
 - Level 1.7(1.0) Throwing
 - Level 2.6(1.9) Dodging


You had 3 spell levels left.
You didn't know any spells.
Your spell library was empty.

Dungeon Overview and Level Annotations

Branches:
Dungeon (2/15)

Altars:
Fedhas
Gozag
Hepliaklqana
Xom


Innate Abilities, Weirdness & Mutations

You are partially covered in thin metallic scales. (AC +2)
You sometimes gain a little power by taking damage.
You possess an exceptional clarity of mind.
You expend magic power (3 MP) to strengthen your wands.


Message History

To return, you must find a gate leading back.
Killing monsters will force the Abyss to allow you passage.
This branch contains the abyssal rune of Zot.
Found an encrusted lead wand and 22 sling bullets.
No target in view!
No target in view!
Unknown command.
Found 21 stones.
The great orb of eyes turns its gaze towards you.
The great orb of eyes gazes at you.
You are blasted!
* * * LOW HITPOINT WARNING * * *
You see here a wand of flame (22).
The great orb of eyes gazes at you.
You feel your power leaking away. The great orb of eyes gazes at you.
You resist with some effort. The great orb of eyes gazes at you.
You are blasted!
You die...

## .. #. #. #
###.############..
..................
...#.##...#...#......
#.....@.....G......#
.....##........#...##
#......(.........#.#
> ...####.#..#.....#
#.... ##..≈#§##..#
#...#≈≈≈.#..#.....#
.≈..≈.#.≈..#...... ≈.
≈≈≈⌠≈.≈.#......
.......≈.≈##.#..


You could see a great orb of eyes.

Vanquished Creatures
  3 gnolls (D:2)
  4 adders (D:2)
  An ooze (D:2)
  2 worms (D:2)
  3 dart slugs (D:1)
  An orc (D:2)
  A ball python (D:1)
  3 bats
  A giant cockroach (D:1)
  7 goblins
  8 hobgoblins
  3 jackals (D:1)
  A quokka (D:2)
  6 frilled lizards
  4 kobolds (D:2)
  5 rats
53 creatures vanquished.

Notes
Turn   | Place    | Note
-------+----------+-------------------------------------------
     0 | D:1      | theswoord the Demonspawn Gladiator began the quest for the
                  | Orb.
     0 | D:1      | Reached XP level 1. HP: 16/16 MP: 1/1
    79 | D:1      | Reached skill level 3 in Staves
   133 | D:1      | Gained mutation: You sometimes gain a little power by
                  | taking damage. [demonic ancestry]
   133 | D:1      | Reached XP level 2. HP: 16/22 MP: 2/2
   540 | D:1      | Gained mutation: You are partially covered in thin metallic
                  | scales. (AC +2) [demonic ancestry]
   540 | D:1      | Reached XP level 3. HP: 24/27 MP: 3/3
   880 | D:2      | Reached skill level 4 in Staves
  1284 | D:2      | Reached XP level 4. HP: 31/33 MP: 4/4
  1291 | D:2      | Found a hazy altar of Hepliaklqana.
  1319 | D:2      | Found an opulent altar of Gozag.
  1750 | D:2      | Found a blossoming altar of Fedhas.
  1813 | D:2      | Found a shimmering altar of Xom.
  1821 | D:2      | Gained mutation: You possess an exceptional clarity of
                  | mind. [potion of mutation]
  1821 | D:2      | Gained mutation: Your mind is acute. (Int +2) [potion of
                  | mutation]
  1821 | D:2      | Lost mutation: Your mind is acute. (Int +2) [potion of
                  | mutation]
  1821 | D:2      | Gained mutation: You expend magic power (3 MP) to
                  | strengthen your wands. [potion of mutation]
  1828 | D:2      | Reached skill level 5 in Staves
  2173 | D:2      | Paralysed by a gnoll for 2 turns
  2175 | D:2      | Cast into level 1 of the Abyss (gnoll)
  2178 | Abyss:1  | Noticed a great orb of eyes
  2187 | Abyss:1  | Blown up by a great orb of eyes

Skill      XL: |  1  2  3  4 |
---------------+-------------+-----
Staves         | 3 4 5 |  5.2
Fighting       | |  2.0
Throwing       | |  1.7
Dodging        | |  2.6

Action                   |  1- 3 |  4- 6 || total
-------------------------+-------+-------++-------
Melee: Quarterstaff      |   114 |    67 ||   181
  Use: Potion            |       |     3 ||     3
 Stab: Sleeping          |     1 |       ||     1
       Invisible         |       |     2 ||     2
  Eat: Chunk             |     1 |     3 ||     4
Armor: Leather armour    |    16 |       ||    16
       Scale mail        |    19 |    32 ||    51
Dodge: Dodged            |    57 |    47 ||   104

Levels and vault maps discovered:
D:1:      minmay_arrival_glassed_features, layout_loops_corners,
          serial_bayou_pond_d
D:2:      layout_basic, tgw_xom, lemuel_round_altar, lemuel_crystal_altar,
          grunt_ministairs_4, nicolae_gozag_seed_capital
Abyss:1:  base:
D:2
